AoeStats
← 1323nel

Arabian Desert

510809649Analyzed
1v1 RM · 8h ago on Oct 2, 2026· 58m 7s· 2 players
Game mode
Random Map
Map size
Tiny (2 player)
Population
200
Speed
Normal
Resources
Standard
Victory
Conquest
Starting age
Dark Age
Ending age
Imperial Age
RankedLock teamsTeams togetherTeam positionsShared explorationLock speedFull tech treeHidden civsTurbo modeCheats
Victory
Defeat
🇿🇦 Teutons · South Africa
716
+15
🇺🇸 Huns · United States
705
-15
martin.jones2328
11:53 Feudal Age
12:17 Horse Collar
16:36 Stone Mining
18:46 Double-Bit Axe
22:56 Castle Age
24:32 Heavy Plow
24:26 Gold Mining
35:35 Pikeman
38:29 Forging
39:12 Scale Barding Armor
52:51 Wheelbarrow
54:19 Chain Barding Armor
54:36 Iron Casting
56:37 Elite Skirmisher
1323nel
13:19 Feudal Age
13:59 Loom
14:07 Loom
14:05 Man-at-Arms
15:10 Double-Bit Axe
15:46 Scale Mail Armor
15:49 Arson
17:08 Forging
17:11 Horse Collar
18:56 Wheelbarrow
21:03 Gold Mining
22:20 Stone Mining
22:48 Scale Barding Armor
24:45 Castle Age
23:03 Bloodlines
24:57 Bloodlines
26:34 Iron Casting
26:20 Chain Barding Armor
26:16 Chain Mail Armor
26:59 Heavy Plow
27:13 Bow Saw
31:03 Ballistics
30:54 Masonry
36:09 Imperial Age
36:57 Hand Cart
37:27 Crop Rotation
40:38 Town Watch
40:29 Long Swordsman
41:10 Squires
40:56 Gambesons
42:41 Chemistry
41:45 Pikeman
46:47 Crenellations
46:56 Conscription
46:37 Halberdier
49:27 Town Patrol
51:27 Two-Man Saw
51:36 Arrowslits
53:45 Hoardings
53:35 Ironclad
55:54 Blast Furnace
55:30 Plate Barding Armor
55:25 Plate Mail Armor
Connection lost

Rejoining the realm…

Still unreachable

The connection could not be restored.

Session expired

The server has moved on; the page needs a fresh start.